 Dungeon Crawl Stone Soup version 0.19-a0-1008-g4c63d25 (webtiles) character file.

1851 mistymad the Thaumaturge (level 8, -2/43 HPs)
             Began as a Deep Elf Conjurer on July 22, 2016.
             Was an Initiate of Vehumet.
             Shot with a sling bullet by Joseph (15 damage)
             ... on level 7 of the Dungeon.
             The game lasted 00:22:47 (6343 turns).

mistymad the Thaumaturge (Deep Elf Conjurer)        Turns: 6343, Time: 00:22:47

Health: -2/43      AC:  4    Str:  5    XL:     8   Next: 88%
Magic:  3/24       EV: 14    Int: 23    God:    Vehumet [......]
Gold:   356        SH:  0    Dex: 15    Spells: 5 memorised, 12 levels left

rFire  x . .     SeeInvis .     J - -1 dagger (curse)
rCold  + . .     Gourm    .     a - +0 robe
rNeg   . . .     Faith    .     (no shield)
rPois  .         Spirit   .     (no helmet)
rElec  .         Dismiss  .     m - +0 cloak
rCorr  .         Reflect  .     H - +0 pair of gloves
SustAt .         Harm     .     (no boots)
MR     +....                    (no amulet)
Stlth  ++........               F - ring of protection from magic
                                g - ring of ice

@: somewhat resistant to hostile enchantments, unstealthy
A: no striking features
a: Renounce Religion


You were on level 7 of the Dungeon.
You worshipped Vehumet.
Vehumet was noncommittal.
You were hungry.

You visited 2 branches of the dungeon, and saw 8 of its levels.

You collected 356 gold pieces.

Inventory:

Hand Weapons
 k - a +1 dagger
 J - a cursed -1 dagger (weapon)
Armour
 a - a +0 robe (worn)
 m - a +0 cloak (worn)
 H - a +0 pair of gloves (worn)
Jewellery
 g - a ring of ice (left hand)
 t - an uncursed ring of poison resistance {unknown}
 F - a ring of protection from magic (right hand)
Wands
 w - a wand of flame (48/48)
 z - a wand of iceblast (2/15)
 G - a wand of polymorph (10/24)
Scrolls
 e - 3 scrolls of recharging
 i - 2 scrolls of teleportation
 o - a scroll of enchant weapon
 u - a scroll of fear {unknown}
 x - 2 scrolls of blinking {unknown}
 y - a scroll of enchant armour {unknown}
 C - 3 scrolls of remove curse
Potions
 f - a potion of ambrosia {unknown}
 j - 7 potions of curing
 l - 2 potions of degeneration {unknown}
 p - 2 potions of magic
 r - 2 potions of might {unknown}
 s - a potion of agility {unknown}
 v - 2 potions of cancellation {unknown}
 A - a potion of flight {unknown}
 B - 2 potions of cure mutation {unknown}
 E - a potion of invisibility {unknown}
Books
 b - a book of Conjurations

   Spells                             Type                      Level
   a - Magic Dart                     Conjuration                  1
   b - Searing Ray                    Conjuration                  2
   c - Dazzling Spray                 Conjuration/Hexes            3
   d - Fulminant Prism                Conjuration/Hexes            4
   e - Iskenderun's Mystic Blast      Conjuration                  4
   f - Iskenderun's Battlesphere      Conjuration/Charms           5
Comestibles
 c - 4 bread rations
 d - 4 meat rations
 h - 3 beef jerkies
 n - 3 fruits
 q - 2 slices of pizza


   Skills:
 + Level 1.5 Fighting
 + Level 3.4 Dodging
 - Level 2.4 Stealth
 + Level 10.7 Spellcasting
 + Level 9.5 Conjurations


You had 12 spell levels left.
You knew the following spells:

 Your Spells              Type           Power        Failure   Level  Hunger
a - Magic Dart            Conj           ####         1%          1    None
b - Searing Ray           Conj           ######       1%          2    None
c - Iskenderun's Mystic   Conj           ######..     1%          4    #......
d - Iskenderun's Battles  Conj/Chrm      ####....     24%         5    ####...
e - Fulminant Prism       Conj/Hex       ####......   10%         4    #......


Dungeon Overview and Level Annotations

Branches:
Dungeon (7/15)             Temple (1/1) D:7

Altars:
Ashenzari
Cheibriados
Dithmenos
Elyvilon
Fedhas
Gozag
Hepliaklqana
Kikubaaqudgha
Makhleb
Nemelex Xobeh
Okawaru
Pakellas
Qazlal
Ru
Sif Muna
Trog
Uskayaw
Vehumet
Xom
Yredelemnul
Zin
The Shining One

Shops:
D:4 :   D:5 (

Annotations:
D:7 Joseph


Message History

The sling bullet barely misses you.
You regained 7 hp, and now have 12/43 hp.
Casting: Iskenderun's Mystic Blast
Confirm with . or Enter, or press ? or * to list all spells.
Aiming: Iskenderun's Mystic Blast
Press: ? - help, Shift-Dir - straight line, f/p - Joseph
Aim: Joseph, wielding a hunting sling and wearing a leather armour (severely wounded)
The orb of energy hits Joseph.
Joseph is almost dead.
You are feeling hungry.
You now have 3/24 mp.
Casting: Iskenderun's Mystic Blast
Confirm with . or Enter, or press ? or * to list all spells.
You don't have enough magic to cast that spell.
Unknown command.
Unknown command.
Joseph says, "I'm here to kill trespassers.
I like my job."
Joseph shoots a sling bullet.
The sling bullet closely misses you.
Joseph shoots a sling bullet.
The sling bullet hits you!
You die...

#....# #................##
#######.##.# #................##
#.....(.##.####........[.........
#......(.....##.................#
#......#...#..#................##
#.$....#..(.(..................##
#...........(@...................
#......#.*..##(##.....##.........
#.>....#...(.#..@......#.##......
#......#.....##........#.###.....
#......#...#..##.(.....#.###.....
#.# #####....#.##.###.........
#.# #....#.##..###..#.##.# #.#
##....#..........#..#.. #.#
###................##....
#.#####.......................#
#.#........##.............##..#


You could see Joseph.

Vanquished Creatures
  Grinder (D:4)
  Sigmund (D:4)
  A hippogriff (D:7)
  A sky beast (D:6)
  A phantom (D:6)
  A necrophage (D:5)
  2 ogres
  A big kobold (D:7)
  2 giant frogs (D:7)
  A howler monkey (D:5)
  3 crimson imps
  A centaur zombie (D:5)
  A hound (D:4)
  3 orc priests
  Jessica (D:3)
  Ijyb (D:3)
  3 orc wizards
  5 worker ants
  4 adders
  3 gnolls
  2 adder skeletons (D:6)
  3 worms
  A dart slug (D:1)
  3 giant geckos
  24 orcs
  5 giant cockroaches
  4 goblins
  9 hobgoblins
  10 jackals
  2 quokkas
  A ball python (D:2)
  12 bats
  6 giant newts
  11 kobolds
  A quokka zombie (D:7)
  9 rats
140 creatures vanquished.

Vanquished Creatures (others)
  8 fulminant prisms
8 creatures vanquished.

Grand Total: 148 creatures vanquished

Notes
Turn   | Place    | Note
-------+----------+-------------------------------------------
     0 | D:1      | mistymad the Deep Elf Conjurer began the quest for the Orb.
     0 | D:1      | Reached XP level 1. HP: 10/10 MP: 6/6
   196 | D:1      | Reached XP level 2. HP: 15/15 MP: 5/8
   632 | D:1      | Learned a level 2 spell: Searing Ray
   766 | D:2      | Reached skill level 4 in Spellcasting
   768 | D:2      | Reached skill level 5 in Conjurations
   768 | D:2      | Reached XP level 3. HP: 17/19 MP: 2/10
  1061 | D:2      | Found an iron altar of Okawaru.
  1581 | D:3      | Noticed Ijyb
  1605 | D:3      | Killed Ijyb
  1605 | D:3      | Reached XP level 4. HP: 14/24 MP: 1/12
  1788 | D:3      | Reached skill level 5 in Spellcasting
  1807 | D:3      | Learned a level 4 spell: Iskenderun's Mystic Blast
  2011 | D:3      | Noticed Sigmund
  2069 | D:3      | Reached XP level 5. HP: 28/28 MP: 4/15
  2329 | D:3      | Learned a level 5 spell: Iskenderun's Battlesphere
  2362 | D:3      | Noticed Jessica
  2366 | D:3      | Killed Jessica
  2503 | D:3      | Reached skill level 6 in Spellcasting
  2856 | D:4      | Reached XP level 6. HP: 32/32 MP: 7/17
  2959 | D:4      | Killed Sigmund
  2959 | D:4      | Reached skill level 7 in Spellcasting
  3069 | D:4      | Found an ancient bone altar of Kikubaaqudgha.
  3074 | D:4      | Found a bloodstained altar of Trog.
  3074 | D:4      | Found an opulent altar of Gozag.
  3075 | D:4      | Found a glowing silver altar of Zin.
  3075 | D:4      | Found a shadowy altar of Dithmenos.
  3198 | D:4      | Found a stormy altar of Qazlal.
  3248 | D:4      | Found Juath's Book Boutique.
  3255 | D:4      | Noticed Grinder
  3258 | D:4      | Killed Grinder
  3258 | D:4      | Reached skill level 8 in Spellcasting
  3258 | D:4      | Reached XP level 7. HP: 26/36 MP: 6/20
  3265 | D:4      | Learned a level 4 spell: Fulminant Prism
  3351 | D:4      | Found a hide-covered altar of Uskayaw.
  3526 | D:5      | Entered Level 5 of the Dungeon
  3901 | D:5      | Found a shattered altar of Ashenzari.
  3939 | D:5      | Found Xaolaxul's Antique Weapon Emporium.
  4476 | D:6      | Reached skill level 9 in Spellcasting
  4552 | D:6      | Reached XP level 8. HP: 41/41 MP: 14/23
  5405 | D:6      | Reached skill level 10 in Spellcasting
  5606 | D:7      | Found a staircase to the Ecumenical Temple.
  5616 | Temple   | Entered the Ecumenical Temple
  5672 | Temple   | Became a worshipper of Vehumet
  5736 | D:7      | Reached skill level 1 in Fighting
  6319 | D:7      | Noticed Joseph
  6343 | D:7      | Shot with a sling bullet by Joseph

Vault maps used:
D:1:      minmay_arrival_checkered_box
D:2:      okawaru_metal_pillars_1_2, hangedman_decor_growths
D:3:      serial_bayou_pond_a, uniq_iyjb, uniq_jessica, uniq_sigmund
D:4:      eat_drink_and_be_merry_uskayaw, nicolae_qazlal_eye_of_the_storm,
          grunt_temple_overflow_open, serial_shops, shop, first_bread,
          uniq_grinder
D:5:      ashenzari_conservatory_becter, serial_shops, kennysheep_mini_moat,
          dk_noncrumbling_4
D:7:      uniq_joseph
Temple:   nicolae_temple_god_jail

Skill      XL: |  1  2  3  4  5  6  7  8 |
---------------+-------------------------+-----
Spellcasting   | 4 5 6 8 9 10 | 10.7
Conjurations   | 5 6 7 8 9 |  9.5
Fighting       | 1 |  1.5
Dodging        | 3 |  3.4
Stealth        | |  2.4

Action                   |  1- 3 |  4- 6 |  7- 9 || total
-------------------------+-------+-------+-------++-------
Melee: Unarmed           |     3 |       |       ||     3
       Dagger            |     2 |    14 |     5 ||    21
 Cast: Magic Dart        |    74 |    61 |    17 ||   152
       Searing Ray       |     6 |     8 |       ||    14
       Iskenderun's Myst |       |    17 |    69 ||    86
       Fulminant Prism   |       |       |     8 ||     8
  Use: Scroll            |       |       |     8 ||     8
       Potion            |       |       |     1 ||     1
 Stab: Sleeping          |     2 |       |     1 ||     3
  Eat: Chunk             |     2 |     7 |    11 ||    20
Armor: Robe              |     4 |     6 |     4 ||    14
Dodge: Dodged            |    12 |    25 |    29 ||    66
